AoeStats
← 玉面狐狸

Black Forest

509561741Analyzed
4v4 RM · 4d ago on Sep 27, 2026· 41m 58s· 8 players
Game mode
Random Map
Map size
Large (8 player)
Population
200
Speed
Normal
Resources
Standard
Victory
Conquest
Starting age
Dark Age
Ending age
Imperial Age
RankedLock teamsTeams togetherTeam positionsShared explorationLock speedFull tech treeHidden civsTurbo modeCheats
Victory
Defeat
🇨🇳 Tatars · China
1099
+15
🇨🇳 Bulgarians · China
1066
+16
🇨🇳 Mongols · China
992
+29
🇨🇳 Lithuanians · China
988
+21
🇨🇳 Bohemians · China
1111
-19
🇳🇱 Mongols · Netherlands
1096
-19
🇲🇽 Danes · Mexico
1078
-18
🇲🇽 Lithuanians · Mexico
1010
-15
13122
9:21 Feudal Age
10:06 Double-Bit Axe
14:15 Horse Collar
17:09 Castle Age
18:09 Bow Saw
22:06 Wheelbarrow
23:16 Heavy Plow
25:14 Hand Cart
24:47 Town Watch
28:03 Imperial Age
26:50 Ballistics
27:47 Stone Mining
27:47 Gold Mining
27:57 Fletching
28:08 Padded Archer Armor
28:22 Bodkin Arrow
28:52 Thumb Ring
30:27 Leather Archer Armor
30:13 Guard Tower
31:19 Conscription
31:20 Drill
31:02 Nomads
32:46 Fortified Wall
33:11 Loom
34:43 Chemistry
33:57 Sappers
36:01 Masonry
35:48 Murder Holes
36:01 Siege Engineers
36:48 Hoardings
37:20 Gold Shaft Mining
37:20 Stone Shaft Mining
37:42 Elite Mangudai
40:07 Town Watch
40:29 Husbandry
40:39 Bloodlines
41:21 Onager
xiweb
0:45 Loom
14:15 Feudal Age
15:44 Double-Bit Axe
20:07 Castle Age
18:16 Horse Collar
20:12 Stone Mining
20:48 Town Watch
22:50 Wheelbarrow
33:48 Imperial Age
32:12 Heavy Plow
32:27 Bow Saw
32:51 Ballistics
32:44 Treadmill Crane
33:41 Masonry
34:02 Gold Mining
34:49 Conscription
34:44 Forging
35:43 Chemistry
35:22 Scale Barding Armor
36:02 Silk Armor
36:18 Timurid Siegecraft
36:26 Siege Engineers
37:05 Hand Cart
37:04 Fletching
37:33 Padded Archer Armor
38:27 Bodkin Arrow
38:46 Fortified Wall
39:35 Elite Skirmisher
39:53 Heavy Cavalry Archer
42:07 Bracer
42:22 Leather Archer Armor
42:55 Crop Rotation
玉面狐狸
5:02 Loom
12:28 Feudal Age
14:34 Double-Bit Axe
15:04 Gold Mining
17:29 Castle Age
18:52 Bow Saw
18:48 Fishing Lines
21:52 Gillnets
26:57 Imperial Age
27:55 Scale Barding Armor
28:00 Forging
29:26 Two-Man Saw
30:23 Iron Casting
29:16 Cavalier
30:07 Bloodlines
29:58 Husbandry
31:23 Chain Barding Armor
32:41 Plate Barding Armor
31:43 Paladin
37:51 Chemistry
37:21 Light Cavalry
39:40 Winged Hussar
wujiang
2:46 Loom
11:15 Feudal Age
15:12 Double-Bit Axe
19:00 Scale Mail Armor
24:12 Forging
27:19 Castle Age
27:50 Wheelbarrow
28:24 Chain Mail Armor
28:21 Bow Saw
30:50 Iron Casting
31:40 Hand Cart
31:47 Gold Mining
31:49 Stone Mining
31:41 Horse Collar
32:51 Heavy Plow
33:28 Gold Shaft Mining
33:36 Stone Shaft Mining
39:43 Imperial Age
37:29 Bloodlines
37:20 Husbandry
37:34 Scale Barding Armor
41:36 Plate Mail Armor
42:38 Chain Barding Armor
43:19 Blast Furnace
Gustatro
0:27 Loom
12:06 Feudal Age
32:17 Horse Collar
36:22 Castle Age
37:58 Double-Bit Axe
37:40 Pikeman
38:23 Squires
38:36 Forging
dantealhz
1:12 Loom
15:14 Feudal Age
16:56 Town Watch
22:19 Castle Age
25:29 Wheelbarrow
27:16 Double-Bit Axe
27:14 Horse Collar
27:31 Stone Mining
30:50 Fishing Lines
34:02 Gold Mining
34:49 Stone Shaft Mining
40:35 Imperial Age
38:21 Hand Cart
38:17 Heavy Plow
41:16 Onager
Serthirius
13:00 Feudal Age
16:55 Castle Age
14:47 Double-Bit Axe
15:12 Horse Collar
15:40 Gold Mining
18:57 Heavy Plow
18:44 Fishing Lines
22:03 Bow Saw
23:13 Wheelbarrow
23:01 Stone Mining
25:01 Hand Cart
24:33 Loom
25:43 Gold Shaft Mining
25:46 Stone Shaft Mining
27:07 Forging
27:03 Scale Barding Armor
26:48 Fletching
27:12 Town Watch
31:30 Imperial Age
29:23 Husbandry
30:12 Bloodlines
31:42 Thumb Ring
32:20 Ballistics
34:19 Iron Casting
34:05 Chain Barding Armor
33:42 Bodkin Arrow
33:47 Padded Archer Armor
34:39 Conscription
34:46 Elite Mangudai
37:55 Chemistry
37:02 Siege Engineers
38:11 Town Patrol
38:19 Nomads
39:55 Blast Furnace
38:56 Bracer
39:11 Leather Archer Armor
40:11 Capped Ram
永不投降嘻嘻
12:28 Feudal Age
16:34 Castle Age
15:05 Double-Bit Axe
15:01 Horse Collar
22:13 Bow Saw
23:47 Scale Barding Armor
24:45 Heavy Plow
25:42 Loom
32:05 Imperial Age
32:12 Chemistry
31:33 Guard Tower
32:04 Fletching
34:05 Keep
37:29 Pikeman
39:32 Murder Holes
40:20 Scale Mail Armor
40:13 Halberdier
41:05 Forging
Connection lost

Rejoining the realm…

Still unreachable

The connection could not be restored.

Session expired

The server has moved on; the page needs a fresh start.